 Dungeon Crawl Stone Soup version 0.30-a0-6-g7c9e10e132 (webtiles) character file.

Game seed: 17883747582269495352

2738 nickcage the Carver (level 9, -7/70 HPs)
             Began as a Minotaur Gladiator on Aug 22, 2022.
             Was a Follower of the Shining One.
             Mangled by a seven-headed hydra (12 damage)
             ... on level 7 of the Dungeon.
             The game lasted 00:09:37 (7320 turns).

nickcage the Carver (Minotaur Gladiator)            Turns: 7320, Time: 00:09:39

Health: -7/70      AC: 15    Str: 23    XL:     9   Next: 40%
Magic:  8/8        EV:  8    Int:  5    God:    the Shining One [*.....]
Gold:   433        SH:  0    Dex: 12    Spells: 8/8 levels left

rFire   . . .      SeeInvis .    a - +0 long sword
rCold   . . .      Faith    .    (no shield)
rNeg    + . .      Spirit   .    D - +0 plate armour
rPois   +          Reflect  .    c - +0 hat
rElec   .          Harm     .    O - +0 cloak
rCorr   .          Rampage  .    J - +1 pair of gloves of Marbles {Fly rPois rN+}
Will    .....                    l - +0 pair of boots
Stlth   ..........               (no amulet)
HPRegen 0.21/turn                t - +4 ring of slaying
MPRegen 0.11/turn                (no ring)

@: flying, glowing
A: horns 2, retaliatory headbutt
a: Renounce Religion, Divine Shield


You were on level 7 of the Dungeon.
You worshipped the Shining One.
The Shining One was aware of your devotion.
You visited 1 branch of the dungeon, and saw 7 of its levels.

You collected 433 gold pieces.

Inventory:

Hand Weapons
 a - a +0 long sword (weapon)
 I - a +3 dire flail
Missiles
 d - 4 throwing nets
 e - a javelin
 p - 8 boomerangs (quivered)
 N - 10 poisoned darts
Armour
 b - a +0 leather armour
 c - a +0 hat (worn)
 l - a +0 pair of boots (worn)
 r - a scarf of invisibility
 s - a +0 ring mail
 z - a +0 pair of gloves
 D - a +0 plate armour (worn)
 J - the +1 pair of gloves of Marbles (worn) {Fly rPois rN+}
   (You found it on level 6 of the Dungeon)

   rPois:     It protects you from poison.
   rN:        It protects you from negative energy.
   Fly:       It grants you flight.
 O - a +0 cloak (worn)
Jewellery
 k - an amulet of magic regeneration
 q - a ring of resist corrosion
 t - a +4 ring of slaying (left hand)
 v - a ring of poison resistance
Wands
 n - a wand of charming (20)
 y - a wand of roots (9)
 E - a wand of flame (45)
 L - a wand of mindburst (13)
Scrolls
 f - a scroll of vulnerability
 o - a scroll of teleportation {unknown}
 u - 2 scrolls of enchant armour {unknown}
 x - 3 scrolls of enchant weapon {unknown}
 B - 3 scrolls of brand weapon {unknown}
 C - a scroll of blinking {unknown}
 G - a scroll of fog {unknown}
Potions
 g - 2 potions of mutation
 h - a potion of attraction
 i - a potion of might {unknown}
 j - 5 potions of lignification
 w - a potion of brilliance
 A - a potion of haste
 F - 2 potions of curing
 H - 2 potions of heal wounds
 K - a potion of resistance {unknown}
 M - a potion of flight {unknown}


   Skills:
 - Level 3.3 Fighting
 + Level 14.5 Long Blades
 - Level 2.4 Throwing
 - Level 3.0 Armour
 - Level 4.5 Dodging
 - Level 0.4 Stealth


You had 8 spell levels left.
You didn't know any spells.
Your spell library contained the following spells:

 Spells                   Type           Power      Damage    Failure   Level
 Freeze                   Ice            0%         1d3       100%        1
 Static Discharge         Conj/Air       0%         3-3/arc   100%        2
 Frozen Ramparts          Ice            0%         1d1       100%        3
 Hailstorm                Conj/Ice       0%         3d3       100%        4
 Lightning Bolt           Conj/Air       0%         1d11      100%        5
 Maxwell's Capacitive Co  Air            0%         ∞         100%        8


Dungeon Overview and Level Annotations

Branches:
Dungeon (7/15)             Temple (0/1) D:6

Altars:
Cheibriados
Nemelex Xobeh
Ru
Sif Muna
Trog
The Shining One

Annotations:
D:3 1 runed translucent door, Bediveer's ghost, novice HOMo


Innate Abilities, Weirdness & Mutations

You have a pair of horns on your head.
You reflexively headbutt those who attack you in melee.


Message History

The seven-headed hydra closely misses you.
The seven-headed hydra bites you but does no damage.
The seven-headed hydra bites you!
* * * LOW HITPOINT WARNING * * *
The seven-headed hydra closely misses you.
There is an open door here.
As you read the scroll of summoning, it crumbles to dust.
Wisps of shadow whirl around you... The seven-headed hydra bites you.
* * * LOW HITPOINT WARNING * * *
The seven-headed hydra bites you but does no damage.
The seven-headed hydra bites you!
* * * LOW HITPOINT WARNING * * *
The seven-headed hydra bites you but does no damage. x3
The seven-headed hydra closely misses you.
Your steam dragon bites the seven-headed hydra!
Your steam dragon barely misses the seven-headed hydra.
Your orc hits the seven-headed hydra with a +0 flail.
The seven-headed hydra bites your orc!
Your orc dies!
Your orc's corpse dissolves into shadows!
The seven-headed hydra bites something!
The seven-headed hydra completely misses your steam dragon.
The seven-headed hydra barely misses your steam dragon. x2
The seven-headed hydra bites your steam dragon.
The seven-headed hydra barely misses your steam dragon.
Your steam dragon bites the seven-headed hydra!
Your steam dragon barely misses the seven-headed hydra.
Your orc hits the seven-headed hydra with a +0 hand axe.
The four-headed hydra bites something! x3
The four-headed hydra barely misses something.
Something bites your steam dragon!
Your steam dragon dies!
Your steam dragon's corpse dissolves into shadows!
The seven-headed hydra barely misses you.
The seven-headed hydra bites you.
* * * LOW HITPOINT WARNING * * *
The seven-headed hydra bites you but does no damage.
The seven-headed hydra completely misses you.
The seven-headed hydra bites you!
You die...

## ##########
...
.......@.##
#+#
.###+###D.####
.##oo..#
.##D..#
##!"[##.##5.#
##..=..##.#..#
#!..)..$#o#..#
#}})?!$|#.'..#
#).....?#.#..#


You could see a seven-headed hydra (ally target), a four-headed hydra, a quasit
(summoned) and 2 friendly orcs.

Vanquished Creatures
  Grinder (D:6)
  Sigmund (D:2)
  A steam dragon (D:6)
  Menkaure (D:6)
  A water moccasin (D:6)
  2 ice beasts (D:7)
  A sky beast (D:7)
  A black bear (D:5)
  5 ogres
  A centaur (D:5)
  A kobold brigand (D:7)
  4 phantoms
  A scorpion (D:6)
  3 wights (D:6)
  An orc priest (D:6)
  2 jellies (D:5)
  A gnoll bouda (D:6)
  4 hounds
  2 iguanas
  2 orc wizards (D:4)
  Robin (D:4)
  6 gnolls
  10 adders
  A worm (D:2)
  2 dart slugs
  7 orcs
  7 bats
  4 endoplasms
  14 goblins
  10 hobgoblins
  6 jackals
  11 kobolds
  A quokka (D:1)
  A ball python (D:3)
  9 frilled lizards
  8 rats
134 creatures vanquished.

Vanquished Creatures (others)
  7 plants (D:4)
7 creatures vanquished.

Grand Total: 141 creatures vanquished

Notes
Turn   | Place    | Note
-------+----------+-------------------------------------------
     0 | D:1      | nickcage the Minotaur Gladiator began the quest for the
                  | Orb.
     0 | D:1      | Reached XP level 1. HP: 18/18 MP: 0/0
   390 | D:1      | Reached XP level 2. HP: 25/25 MP: 1/1
  1156 | D:2      | Reached skill level 4 in Long Blades
  1156 | D:2      | Reached XP level 3. HP: 28/30 MP: 2/2
  1351 | D:2      | Reached skill level 1 in Armour
  1586 | D:2      | Found a shimmering blue altar of Sif Muna.
  1621 | D:2      | Reached XP level 4. HP: 33/37 MP: 3/3
  2000 | D:2      | Noticed Sigmund
  2007 | D:2      | Killed Sigmund
  2008 | D:2      | Reached skill level 5 in Long Blades
  2008 | D:2      | Reached XP level 5. HP: 35/45 MP: 4/4
  2266 | D:3      | Found a runed translucent door.
  2267 | D:3      | Noticed Bediveer's ghost (novice HOMo)
  2344 | D:3      | Found a sparkling altar of Nemelex Xobeh.
  3000 | D:3      | Found a faded altar of an unknown god.
  3270 | D:4      | Noticed a phantom
  3276 | D:4      | Killed a phantom
  3277 | D:4      | Reached skill level 6 in Long Blades
  3277 | D:4      | Reached XP level 6. HP: 51/51 MP: 5/5
  3380 | D:4      | Noticed Robin
  3398 | D:4      | Killed Robin
  3502 | D:4      | Reached skill level 7 in Long Blades
  3887 | D:4      | Found a shimmering blue altar of Sif Muna.
  3890 | D:4      | Found a glowing golden altar of the Shining One.
  3895 | D:4      | Became a worshipper of the Shining One
  3923 | D:4      | Reached XP level 7. HP: 57/57 MP: 6/6
  3934 | D:4      | Reached skill level 8 in Long Blades
  4188 | D:4      | Reached skill level 9 in Long Blades
  4708 | D:5      | Entered Level 5 of the Dungeon
  4890 | D:5      | Found a snail-covered altar of Cheibriados.
  5002 | D:5      | Reached skill level 10 in Long Blades
  5148 | D:5      | Reached XP level 8. HP: 63/63 MP: 7/7
  5467 | D:5      | Reached skill level 11 in Long Blades
  5873 | D:6      | Found a sacrificial altar of Ru.
  5895 | D:6      | Noticed Grinder
  5906 | D:6      | Killed Grinder
  5907 | D:6      | Reached skill level 12 in Long Blades
  6148 | D:6      | Found a staircase to the Ecumenical Temple.
  6356 | D:6      | Reached skill level 13 in Long Blades
  6391 | D:6      | Reached XP level 9. HP: 69/70 MP: 8/8
  6396 | D:6      | Noticed Menkaure
  6396 | D:6      | Reached * piety under the Shining One
  6397 | D:6      | Killed Menkaure
  6527 | D:6      | Identified the +1 pair of gloves of Marbles {Fly rPois rN+}
  7068 | D:7      | Reached skill level 14 in Long Blades
  7232 | D:7      | Found a bloodstained altar of Trog.
  7232 | D:7      | Found a sacrificial altar of Ru.
  7300 | D:7      | Noticed a four-headed hydra
  7300 | D:7      | Noticed a seven-headed hydra
  7300 | D:7      | Noticed a gargoyle
  7300 | D:7      | Noticed a manticore
  7300 | D:7      | Noticed a kobold demonologist
  7320 | D:7      | Mangled by a seven-headed hydra

Illustrated notes

Levels and vault maps discovered:
D:1:      dpeg_arrival_simpleton_b, layout_basic
D:2:      layout_loops_cross, basic_altar, minmay_circle_x, uniq_sigmund
D:3:      layout_basic, nicolae_overflow_crystal_walls, ebering_ghost_sewer_d,
          dreamdust_ecumenical_altar_hidden_monk_grotto
D:4:      layout_layer_cave, nicolae_overflow_squiral, dk_vineyard_2,
          minmay_lizard_king, uniq_robin
D:5:      layout_gridville, cheibriados_altar_1
D:6:      layout_loops_ring, hangedman_ru_absence,
          minmay_temple_entry_large_hall, kennysheep_windowed_goal,
          uniq_grinder, uniq_menkaure
D:7:      minmay_the_grid_octo_2x2 [minmay_the_grid_octo_pinwheel,
          minmay_the_grid_octo_shrine, minmay_the_grid_octo_horde,
          minmay_the_grid_octo_prize_big_c], layout_gridville, serial_shops,
          nicolae_lakefront_shop

Skill      XL: |  1  2  3  4  5  6  7  8  9 |
---------------+----------------------------+-----
Long Blades    | 4 5 6 7 10 13 14 | 14.5
Dodging        | 4 |  4.5
Armour         | 1 3 |  3.0
Fighting       | 3 |  3.3
Throwing       | |  2.4
Stealth        | |  0.4

Action                   |  1- 3 |  4- 6 |  7- 9 || total
-------------------------+-------+-------+-------++-------
Melee: Long sword        |    64 |    81 |   158 ||   303
       Headbutt          |     9 |    17 |    33 ||    59
       Punch             |       |     1 |     1 ||     2
Throw: Boomerang         |       |    10 |     4 ||    14
  Use: Scroll            |       |       |    12 ||    12
 Stab: Sleeping          |     1 |       |       ||     1
Armor: Leather armour    |    27 |       |       ||    27
       Ring mail         |     3 |    14 |       ||    17
       Plate armour      |       |    27 |    87 ||   114
Dodge: Dodged            |    36 |    27 |    67 ||   130

Table legend: (Time is in decaauts)
 A = Elapsed time spent in this place.
 B = Non-inter-level travel time spent in this place.
 C = Inter-level travel time spent in this place.
 D = Time resting spent in this place.
 E = Time spent auto-exploring this place.
 F = Levels seen in this place.
 G = Mean time per level.
                   A        B        C        D        E       F      G
               +--------+--------+--------+--------+--------+-----+--------+
         Total |   7316 |   7109 |    207 |    244 |   6023 |   7 | 1045.1 |
       Dungeon |   7316 |   7109 |    207 |    244 |   6023 |   7 | 1045.1 |
               +--------+--------+--------+--------+--------+-----+--------+

Top non-repeatable levels by time:
     D:4: 1570 daAuts
     D:6: 1183 daAuts
     D:1: 1155 daAuts
     D:2: 1048 daAuts
     D:5: 963 daAuts
     D:3: 956 daAuts
     D:7: 438 daAuts
